TOP OF THE 1ST |
Stockton Ports batting - Pitching for San Jose Bees : RHP Frank Wills
|
Pitching: RHP Frank Wills
|
|
Batting: RHB Ramon Valdez
|
0-0: DOUBLE (Flyball, 8LXD, EV 96.3 MPH)
|
Batting: RHB Pasquale Raimondo
|
0-0: Ball 1-0: Called Strike 1-1: Foul Ball, location: 2F 1-2: Ball 2-2: SINGLE (Line Drive, 78S, EV 100.6 MPH) Ramon Valdez to third
|
Batting: LHB Christopher O'Brien
|
0-0: Ball 1-0: Grounds into double play, 4-6-3 (Groundball, 4, EV 84.4 MPH) Ramon Valdez scores
|
Batting: SHB Jose Mercado
|
0-0: Ball 1-0: Ball 2-0: Called Strike 2-1: Called Strike 2-2: Foul Ball, location: 2F 2-2: Fly out, F4 (Flyball, 4D, EV 89.4 MPH)
|
Top of the 1st over - 1 run, 2 hits, 0 errors, 0 left on base; Stockton 1 - San Jose 0 |
BOTTOM OF THE 1ST |
San Jose Bees batting - Pitching for Stockton Ports : RHP Bryn Smith
|
Pitching: RHP Bryn Smith
|
|
Batting: RHB Anthony Laurenzi
|
0-0: Ball 1-0: Ball 2-0: Foul Ball, location: 2F 2-1: Ball 3-1: Base on Balls
|
Batting: RHB Ron MacDonald
|
0-0: SINGLE (Groundball, 6D, EV 103.8 MPH) Anthony Laurenzi to second
|
Batting: LHB Stanley Davis
|
0-0: Ball 1-0: SINGLE (Line Drive, 8LS, EV 95.6 MPH) Anthony Laurenzi to third Ron MacDonald to second Runner from 3rd tries for Home, SAFE, throw by CF to home
|
Batting: RHB Tony Evans
|
0-0: Called Strike 0-1: Ball 1-1: Swinging Strike 1-2: Ball 2-2: Strikes out looking
|
Batting: RHB Ricky McMullen
|
0-0: Called Strike Balk! Ron MacDonald to third Stanley Davis to second 0-1: SINGLE (Groundball, 34D, EV 106.9 MPH) Ron MacDonald scores Stanley Davis to third Runner from 3rd tries for Home, SAFE, throw by RF to home
|
Batting: RHB Timothy Wallace
|
0-0: Ball 1-0: Foul Ball, location: 2F 1-1: Ball 2-1: Called Strike 2-2: Ball 3-2: Foul Ball, location: 2F 3-2: Foul Ball, location: 2F 3-2: Strikes out swinging
|
Batting: LHB Dale Weaver
|
0-0: Ball 1-0: Called Strike 1-1: Foul Ball, location: 2F 1-2: SINGLE (Line Drive, 9S, EV 109.4 MPH) Ricky McMullen to second
|
Batting: RHB David Hoyt
|
0-0: Called Strike 0-1: Foul Ball, location: 2F 0-2: Ball 1-2: Fly out, F3 (Popup, 3SF, EV 81.3 MPH)
|
Bottom of the 1st over - 3 runs, 4 hits, 0 errors, 2 left on base; Stockton 1 - San Jose 3 |
TOP OF THE 2ND |
Stockton Ports batting - Pitching for San Jose Bees : RHP Frank Wills
|
Batting: RHB Johnny Salery
|
0-0: Ground out 3-1 (Groundball, 34, EV 106.3 MPH)
|
Batting: LHB Mike Ashman
|
0-0: Ball 1-0: Called Strike 1-1: Ball 2-1: Ball 3-1: Fly out, F4 (Popup, 4, EV 74.4 MPH)
|
Batting: RHB Chris Sabo
|
0-0: Ball 1-0: Swinging Strike 1-1: Fly out, F8 (Flyball, 89D, EV 108.1 MPH)
|
Top of the 2nd over - 0 runs, 0 hits, 0 errors, 0 left on base; Stockton 1 - San Jose 3 |
BOTTOM OF THE 2ND |
San Jose Bees batting - Pitching for Stockton Ports : RHP Bryn Smith
|
Batting: RHB Bill Pinkham
|
0-0: Ball 1-0: Fly out, F6 (Popup, 6MS, EV 81.9 MPH)
|
Batting: RHB Anthony Laurenzi
|
0-0: Ball 1-0: Called Strike 1-1: Called Strike 1-2: Ground out 1-3 (Groundball, 15S, EV 71.9 MPH)
|
Batting: RHB Ron MacDonald
|
0-0: Ball 1-0: Ball 2-0: Called Strike 2-1: Swinging Strike 2-2: DOUBLE (Line Drive, 8LD, EV 96.9 MPH)
|
Batting: LHB Stanley Davis
|
0-0: Swinging Strike 0-1: Swinging Strike 0-2: Ball 1-2: Ball 2-2: Fly out, F8 (Flyball, 78M, EV 86.3 MPH)
|
Bottom of the 2nd over - 0 runs, 1 hit, 0 errors, 1 left on base; Stockton 1 - San Jose 3 |
TOP OF THE 3RD |
Stockton Ports batting - Pitching for San Jose Bees : RHP Frank Wills
|
Batting: RHB Timothy Presko
|
0-0: DOUBLE (Line Drive, 89D, EV 100.6 MPH)
|
Batting: SHB Mike Hennessy
|
0-0: Called Strike 0-1: Foul Ball, location: 2F 0-2: Strikes out swinging
|
Batting: RHB Ramon Valdez
|
0-0: Ball 1-0: Fly out, F7 (Flyball, 7S, EV 82.5 MPH)
|
Batting: RHB Pasquale Raimondo
|
0-0: Ground out 5-3 (Groundball, 56S, EV 87.5 MPH)
|
Top of the 3rd over - 0 runs, 1 hit, 0 errors, 1 left on base; Stockton 1 - San Jose 3 |
BOTTOM OF THE 3RD |
San Jose Bees batting - Pitching for Stockton Ports : RHP Bryn Smith
|
Batting: RHB Tony Evans
|
0-0: Ball 1-0: Foul Ball, location: 2F 1-1: Swinging Strike 1-2: Strikes out swinging
|
Batting: RHB Ricky McMullen
|
0-0: Ball 1-0: Foul Ball, location: 2F 1-1: Ball 2-1: Ball 3-1: Base on Balls
|
Batting: RHB Timothy Wallace
|
0-0: Swinging Strike 0-1: Called Strike 0-2: Ball 1-2: Fly out, F9 (Flyball, 9LM, EV 88.1 MPH)
|
Batting: LHB Dale Weaver
|
0-0: Ball 1-0: Ball 2-0: Foul Ball, location: 2F 2-1: Called Strike 2-2: Ball 3-2: Foul Ball, location: 2F Pickoff Throw to First - Error! E1 Ricky McMullen to second 3-2: Foul Ball, location: 2F 3-2: Strikes out swinging
|
Bottom of the 3rd over - 0 runs, 0 hits, 1 error, 1 left on base; Stockton 1 - San Jose 3 |
TOP OF THE 4TH |
Stockton Ports batting - Pitching for San Jose Bees : RHP Frank Wills
|
Batting: LHB Christopher O'Brien
|
0-0: SINGLE (Flyball, 78S, EV 94.4 MPH)
|
Batting: SHB Jose Mercado
|
0-0: Ball 1-0: Foul Ball, location: 2F 1-1: Ball 2-1: Ball 3-1: Foul Ball, location: 2F 3-2: Foul Ball, location: 2F 3-2: Base on Balls Christopher O'Brien to second
|
Batting: RHB Johnny Salery
|
0-0: Called Strike 0-1: Ball 1-1: Called Strike 1-2: SINGLE (Groundball, 56D, EV 101.3 MPH) Christopher O'Brien to third Jose Mercado to second Runner from 3rd tries for Home, SAFE, throw by LF to trailing runner, SAFE at third!
|
Batting: LHB Mike Ashman
|
0-0: Ball Wild Pitch! Jose Mercado scores Johnny Salery to second 1-0: Foul Ball, location: 2F 1-1: Ground out 4-3 (Groundball, 4MS, EV 82.5 MPH) Johnny Salery to third
|
Batting: RHB Chris Sabo
|
0-0: Ball 1-0: Called Strike 1-1: Ball 2-1: Ball 3-1: Fly out, F7 (Flyball, 78XD, EV 104.4 MPH) Runner from 3rd tags up, SCORES, no throw by LF
|
Batting: RHB Timothy Presko
|
0-0: Ball 1-0: Ball 2-0: Ball 3-0: Called Strike 3-1: Called Strike 3-2: Foul Ball, location: 2F 3-2: Fly out, F9 (Flyball, 9S, EV 81.9 MPH)
|
Top of the 4th over - 3 runs, 2 hits, 0 errors, 0 left on base; Stockton 4 - San Jose 3 |
BOTTOM OF THE 4TH |
San Jose Bees batting - Pitching for Stockton Ports : RHP Bryn Smith
|
Batting: RHB David Hoyt
|
0-0: SINGLE (Groundball, 34D, EV 105.0 MPH)
|
Batting: RHB Bill Pinkham
|
0-0: Fly out, F6 (Flyball, 56D, EV 77.5 MPH)
|
Batting: RHB Anthony Laurenzi
|
0-0: Ball David Hoyt steals 2nd base 1-0: Foul Ball, location: 2F 1-1: Called Strike 1-2: Foul Ball, location: 2F 1-2: Foul Ball, location: 2F 1-2: Ball 2-2: Strikes out swinging
|
Batting: RHB Ron MacDonald
|
0-0: Ball 1-0: Called Strike 1-1: Ball 2-1: Ball 3-1: Base on Balls
|
Batting: LHB Stanley Davis
|
0-0: Called Strike 0-1: Ball 1-1: Ball 2-1: Ball 3-1: Ground out U3 (Groundball, 34, EV 100.6 MPH)
|
Bottom of the 4th over - 0 runs, 1 hit, 0 errors, 2 left on base; Stockton 4 - San Jose 3 |
TOP OF THE 5TH |
Stockton Ports batting - Pitching for San Jose Bees : RHP Frank Wills
|
Batting: SHB Mike Hennessy
|
0-0: Ball 1-0: Called Strike 1-1: Foul Ball, location: 2F 1-2: Strikes out swinging
|
Batting: RHB Ramon Valdez
|
0-0: Called Strike 0-1: Ball 1-1: Ball 2-1: Fly out, F7 (Flyball, 7D, EV 91.9 MPH)
|
Batting: RHB Pasquale Raimondo
|
0-0: Ball 1-0: Called Strike 1-1: Ball 2-1: Ball 3-1: SINGLE (Flyball, 4D, EV 94.4 MPH)
|
Batting: LHB Christopher O'Brien
|
0-0: Ball 1-0: Swinging Strike 1-1: Called Strike 1-2: Strikes out swinging
|
Top of the 5th over - 0 runs, 1 hit, 0 errors, 1 left on base; Stockton 4 - San Jose 3 |
BOTTOM OF THE 5TH |
San Jose Bees batting - Pitching for Stockton Ports : RHP Bryn Smith
|
Batting: RHB Tony Evans
|
0-0: Ball 1-0: Ground out 5-3 (Groundball, 56S, EV 80.6 MPH)
|
Batting: RHB Ricky McMullen
|
0-0: SINGLE (Groundball, 56S, EV 64.4 MPH) (infield hit)
|
Batting: RHB Timothy Wallace
|
0-0: Called Strike 0-1: Called Strike 0-2: Ball 1-2: Ball 2-2: Ball 3-2: Strikes out looking
|
Batting: LHB Dale Weaver
|
0-0: Ball 1-0: Called Strike 1-1: SINGLE (Groundball, 4MS, EV 73.8 MPH) (infield hit) Ricky McMullen to second
|
Batting: RHB David Hoyt
|
0-0: Called Strike 0-1: Ground out 3-1 (Groundball, 34S, EV 86.3 MPH)
|
Bottom of the 5th over - 0 runs, 2 hits, 0 errors, 2 left on base; Stockton 4 - San Jose 3 |
TOP OF THE 6TH |
Stockton Ports batting - Pitching for San Jose Bees : RHP Frank Wills
|
Batting: SHB Jose Mercado
|
0-0: Called Strike 0-1: Ball 1-1: DOUBLE (Line Drive, 9D, EV 97.5 MPH)
|
Batting: RHB Johnny Salery
|
0-0: Ball 1-0: Swinging Strike 1-1: Ball 2-1: Foul Ball, location: 2F 2-2: Ball 3-2: Strikes out swinging
|
Batting: LHB Mike Ashman
|
0-0: Ball 1-0: Called Strike 1-1: Ball 2-1: Ball 3-1: Called Strike 3-2: Base on Balls
|
Batting: RHB Chris Sabo
|
0-0: Ball 1-0: Ball 2-0: Foul Ball, location: 2F 2-1: Ball 3-1: Base on Balls Jose Mercado to third Mike Ashman to second
|
Batting: RHB Timothy Presko
|
0-0: Called Strike 0-1: Ball 1-1: Ball 2-1: Called Strike 2-2: Fly out, F9 (Flyball, 9LM, EV 93.8 MPH) Runner from 3rd tags up, SCORES, throw by RF
|
Batting: SHB Mike Hennessy
|
0-0: Called Strike 0-1: SINGLE (Groundball, 4MS, EV 66.3 MPH) (infield hit) Mike Ashman to third Chris Sabo to second
|
Batting: RHB Ramon Valdez
|
0-0: Called Strike 0-1: Called Strike 0-2: Ball 1-2: SINGLE (Line Drive, 78S, EV 105.6 MPH) Mike Ashman scores Chris Sabo to third Mike Hennessy to second
|
Pitching: LHP Richard Spanton
|
|
Batting: RHB Pasquale Raimondo
|
0-0: Called Strike 0-1: Ball 1-1: Ball 2-1: Foul Ball, location: 2F 2-2: Strikes out swinging
|
Top of the 6th over - 2 runs, 3 hits, 0 errors, 3 left on base; Stockton 6 - San Jose 3 |
BOTTOM OF THE 6TH |
San Jose Bees batting - Pitching for Stockton Ports : RHP Bryn Smith
|
Batting: RHB Bill Pinkham
|
0-0: Ball 1-0: Ball 2-0: Foul Ball, location: 2F 2-1: DOUBLE (Flyball, 8RXD, EV 111.3 MPH)
|
Batting: RHB Anthony Laurenzi
|
0-0: Called Strike 0-1: Ball 1-1: Foul Ball, location: 2F 1-2: Ball 2-2: Foul Ball, location: 2F 2-2: Hit by Pitch
|
Batting: RHB Ron MacDonald
|
0-0: Called Strike 0-1: Fielders Choice at 2nd, 1-6 (Groundball, 13S, EV 75.0 MPH) Bill Pinkham to third
|
Batting: LHB Stanley Davis
|
0-0: Foul Ball, location: 2F 0-1: Ball 1-1: Foul Ball, location: 2F 1-2: Foul Ball, location: 2F 1-2: Strikes out swinging
|
Batting: RHB Tony Evans
|
0-0: Ball 1-0: Foul Ball, location: 2F 1-1: DOUBLE (Line Drive, 7D, EV 93.1 MPH) Bill Pinkham scores Ron MacDonald to third Runner from 3rd tries for Home, SAFE, throw by LF to home
|
Batting: RHB Ricky McMullen
|
0-0: Foul Ball, location: 2F 0-1: Ball 1-1: Ball 2-1: Fly out, F8 (Flyball, 8RD, EV 74.4 MPH)
|
Bottom of the 6th over - 2 runs, 2 hits, 0 errors, 1 left on base; Stockton 6 - San Jose 5 |
TOP OF THE 7TH |
Stockton Ports batting - Pitching for San Jose Bees : LHP Richard Spanton
|
Batting: LHB Christopher O'Brien
|
0-0: Called Strike 0-1: Ball 1-1: Foul Ball, location: 2F 1-2: Ball 2-2: Ball 3-2: DOUBLE (Line Drive, 89XD, EV 110.0 MPH)
|
Batting: SHB Jose Mercado
|
0-0: Foul Ball, location: 2F 0-1: Ball 1-1: Ball 2-1: Ball 3-1: SINGLE (Flyball, 34D, EV 92.5 MPH) Christopher O'Brien to third
|
Batting: RHB Johnny Salery
|
0-0: Fly out, F2 (Popup, 25F, EV 76.9 MPH)
|
Batting: LHB Mike Ashman
|
0-0: Ball 1-0: Ball 2-0: Called Strike 2-1: Fly out, F9 (Flyball, 9S, EV 86.9 MPH)
|
Batting: RHB Chris Sabo
|
0-0: Ball 1-0: Ground out 5-3 (Groundball, 15, EV 84.4 MPH)
|
Top of the 7th over - 0 runs, 2 hits, 0 errors, 2 left on base; Stockton 6 - San Jose 5 |
BOTTOM OF THE 7TH |
San Jose Bees batting - Pitching for Stockton Ports : RHP Bryn Smith
|
Pitching: RHP Harry Wise
|
|
Batting: RHB Timothy Wallace
|
0-0: Ball 1-0: Ball 2-0: Called Strike 2-1: Ball 3-1: Swinging Strike 3-2: SINGLE (Line Drive, 8LS, EV 106.3 MPH)
|
Batting: LHB Dale Weaver
|
0-0: Ball 1-0: Ball 2-0: Fly out, F9 (Flyball, 9, EV 90.0 MPH)
|
Batting: RHB David Hoyt
|
0-0: Called Strike 0-1: Ball 1-1: Fielders Choice at 2nd, 6-4 (Groundball, 6, EV 85.6 MPH)
|
Batting: RHB Bill Pinkham
|
0-0: Called Strike 0-1: Called Strike David Hoyt is caught stealing 2nd base 2-4
|
Bottom of the 7th over - 0 runs, 1 hit, 0 errors, 0 left on base; Stockton 6 - San Jose 5 |
TOP OF THE 8TH |
Stockton Ports batting - Pitching for San Jose Bees : LHP Richard Spanton
|
Batting: RHB Timothy Presko
|
0-0: Called Strike 0-1: Ball 1-1: Foul Ball, location: 2F 1-2: Foul Ball, location: 2F 1-2: Fly out, F9 (Flyball, 9D, EV 93.8 MPH)
|
Batting: SHB Mike Hennessy
|
0-0: Fly out, F8 (Line Drive, 8LD, EV 97.5 MPH)
|
Batting: RHB Ramon Valdez
|
0-0: Foul Ball, location: 2F 0-1: Ball 1-1: SINGLE (Line Drive, 56D, EV 96.9 MPH)
|
Batting: RHB Pasquale Raimondo
|
0-0: Ball 1-0: Foul Ball, location: 2F 1-1: Ball 2-1: Foul Ball, location: 2F 2-2: Ball 3-2: Foul Ball, location: 2F 3-2: Base on Balls Ramon Valdez to second
|
Batting: LHB Christopher O'Brien
|
0-0: Ground out 4-3 (Groundball, 4D, EV 106.9 MPH)
|
Top of the 8th over - 0 runs, 1 hit, 0 errors, 2 left on base; Stockton 6 - San Jose 5 |
BOTTOM OF THE 8TH |
San Jose Bees batting - Pitching for Stockton Ports : RHP Harry Wise
|
Batting: RHB Bill Pinkham
|
0-0: Called Strike 0-1: Ball 1-1: Ball 2-1: SINGLE (Line Drive, 89S, EV 106.9 MPH)
|
Batting: RHB Anthony Laurenzi
|
0-0: Bunt missed! 0-1: Bunt missed! 0-2: Foul Ball, location: 2F 0-2: Foul Ball, location: 2F 0-2: Ball 1-2: Ball 2-2: Foul Ball, location: 2F 2-2: Foul Ball, location: 2F 2-2: Ball 3-2: Base on Balls Bill Pinkham to second
|
Pinch Hitting: LHB Joop Kramer
|
0-0: Bunted foul 0-1: Sac Bunt to P - play at first, batter OUT! 1-4 Bill Pinkham to third Anthony Laurenzi to second
|
Pitching: LHP Scott Arigoni
|
|
Batting: LHB Stanley Davis
|
0-0: SINGLE (Line Drive, 6D, EV 106.9 MPH) Bill Pinkham scores Anthony Laurenzi to third Runner from 3rd tries for Home, SAFE, throw by CF to home
|
Batting: RHB Tony Evans
|
0-0: Ball 1-0: Ball 2-0: Ball 3-0: Base on Balls Stanley Davis to second
|
Batting: RHB Ricky McMullen
|
0-0: Foul Ball, location: 2F 0-1: Ball 1-1: Ball 2-1: Swinging Strike 2-2: Foul Ball, location: 2F 2-2: Ball 3-2: Fielders Choice at 2nd, 3-6 (Groundball, 3S, EV 86.9 MPH) Stanley Davis to third
|
Batting: RHB Timothy Wallace
|
0-0: Ball 1-0: Ball 2-0: Ball 3-0: Foul Ball, location: 2F 3-1: Foul Ball, location: 2F 3-2: Fly out, F9 (Flyball, 89D, EV 103.1 MPH)
|
Bottom of the 8th over - 2 runs, 2 hits, 0 errors, 2 left on base; Stockton 6 - San Jose 7 |
TOP OF THE 9TH |
Stockton Ports batting - Pitching for San Jose Bees : LHP Richard Spanton
|
Now at 1B: Rod Booker
|
|
Pinch Hitting: SHB Tracy Edwards
|
0-0: Ground out 4-3 (Groundball, 13, EV 90.6 MPH)
|
Batting: RHB Johnny Salery
|
0-0: Called Strike 0-1: Ball 1-1: Ball 2-1: Ball 3-1: Base on Balls
|
Pinch Hitting: RHB Mark Jurena
|
0-0: Ball 1-0: Ball 2-0: Fly out, F1 (Line Drive, P, EV 76.3 MPH)
|
Batting: RHB Chris Sabo
|
0-0: Ball 1-0: Foul Ball, location: 2F 1-1: Ball 2-1: Ball 3-1: SINGLE (Groundball, 6MD, EV 106.3 MPH) Johnny Salery to second Runner from 2nd tries for 3rd, SAFE, no throw by CF
|
Batting: RHB Timothy Presko
|
0-0: Ball 1-0: Called Strike 1-1: Ground out U3 (Groundball, 3S, EV 87.5 MPH)
|
Top of the 9th over - 0 runs, 1 hit, 0 errors, 2 left on base; Stockton 6 - San Jose 7 |
|